Map: Golden Wall LE

Players

Naxin

  • Race: Terran Terran
  • Spawn Location: 5:00

Rex - Winner!

  • Race: Zerg Zerg
  • League: Master
  • Spawn Location: 7:00

Event: DreamHack SC2 Masters 2020 Summer TwHkMoJp

VOD

Have the link to the VOD?

Description

Time

  • Played on: June 24, 2020, 9:16 a.m.
  • Length: 11:06

All games in this series

Show
View Real Time Build Order
Export as new Build Order

Naxin Terran 

Build Orders: Liberator Opening, Reaper Expand 

Get SALT Encoding   

  12  0:00  SCV  
  13  0:12  SCV  
  14  0:17  Supply Depot  
  14  0:24  SCV  
  15  0:39  SCV, Barracks  
  16  0:44  Refinery  
  16  0:51  SCV  
  17  1:03  SCV  
  18  1:15  SCV  
  19  1:27  Reaper  
  19  1:28  Orbital Command  
  20  1:41  Command Center  
  20  1:51  Supply Depot  
  20  1:53  SCV  
  21  1:59  Marine  
  22  2:05  SCV  
  23  2:13  Factory  
  23  2:15  Refinery  
  23  2:18  SCV  
  23  2:21  Barracks Reactor  
  24  2:30  SCV  
  25  2:47  SCV  
  25  2:58  Starport  
  25  2:59  SCV  
  25  3:03  Orbital Command  
  25  3:04  Barracks Tech Lab  
  30  3:05  Hellion x2  
  30  3:11  SCV  
  31  3:23  SCV  
  31  3:27  Hellion x2  
  36  3:29  SCV  
  37  3:34  Liberator  
  37  3:35  SCV  
  37  3:37  Marine  
  42  3:43  SCV  
  42  3:46  Supply Depot  
  42  3:47  SCV  
  44  3:51  Hellion  
  46  4:05  Supply Depot  
  46  4:07  Armory, SCV x2, Reaper  
  46  4:08  Hellion  
  51  4:13  Supply Depot  
  51  4:19  SCV x2  
  53  4:26  Liberator  
  53  4:27  Hellion  
  53  4:29  Hellion  
  60  4:32  SCV x2  
  60  4:35  Supply Depot  
  62  4:44  SCV x2  
  64  4:46  Stimpack, Marine  
  65  4:56  SCV x2  
  67  5:00  Bunker  
  67  5:03  Factory Tech Lab  
  67  5:04  Marine  
  68  5:08  SCV x2, Supply Depot  
  67  5:20  SCV x2, Command Center  
  69  5:23  Starport Reactor, Marauder  
  69  5:26  Siege Tank  
  74  5:32  SCV  
  75  5:35  Bunker  
  75  5:36  Bunker  
  75  5:41  SCV  
  76  5:43  Marine  
  73  5:50  Barracks  
  73  5:52  SCV  
  73  5:54  Barracks  
  72  5:59  Siege Tank  
  72  6:01  SCV  
  72  6:02  Refinery  
  76  6:04  SCV  
  77  6:13  Engineering Bay x2, Refinery  
  77  6:15  SCV  
  78  6:23  Starport Reactor  
  78  6:31  SCV  
  78  6:32  SCV, Supply Depot, Marine  
  80  6:33  Supply Depot x2  
  80  6:36  Orbital Command  
  76  6:46  Marine x2  
  76  6:47  Combat Shield  
  76  6:49  Marine  
  76  6:52  Siege Tank  
  73  7:00  Supply Depot  
  71  7:02  SCV  
  71  7:04  Supply Depot, Terran Infantry Weapons Level 1  
  71  7:07  Marine  
  71  7:08  Medivac, Marine  
  71  7:09  Marine x2  
  76  7:16  Marine  
  76  7:18  Barracks  
  76  7:19  SCV x2  
  76  7:20  Barracks  
  76  7:22  Medivac  
  81  7:29  Orbital Command  
  81  7:30  Marine x2, Terran Infantry Armor Level 1  
  81  7:35  SCV x2, Siege Tank  
  81  7:36  Marine  
  89  7:42  Supply Depot  
  89  7:47  SCV x2  
  89  7:48  Command Center  
  91  7:54  Marine x4  
  91  7:55  Medivac x2  
  97  8:01  SCV x3  
  97  8:05  Marine  
  102  8:12  Refinery  
  102  8:13  Barracks Reactor x2, Supply Depot, SCV x2  
  102  8:19  Marine x4  
  106  8:20  Siege Tank  
  106  8:23  Marine  
  111  8:27  Factory  
  111  8:35  Supply Depot  
  111  8:37  Marine x4  
  111  8:39  Supply Depot  
  111  8:40  Supply Depot  
  116  8:41  Marauder  
  116  8:42  Medivac x2  
  120  8:51  Supply Depot  
  120  8:55  Marine x5  
  123  9:02  Marine x2  
  125  9:06  Marine x2  
  125  9:07  Siege Tank  
  130  9:14  Marine x2, Factory Tech Lab  
  132  9:23  Marine x3, Sensor Tower  
  135  9:24  Medivac x2  
  135  9:25  Marauder  
  135  9:28  Marine x2  
  141  9:31  Marine  
  141  9:32  Marine  
  143  9:43  Refinery  
  143  9:44  Bunker, Siege Tank  
  143  9:45  Refinery, Marine  
  147  9:46  Marauder, Missile Turret  
  147  9:51  Missile Turret, Marine x2  
  147  9:52  Missile Turret  
  144  10:02  Marine  
  144  10:06  Marine x2  
  137  10:14  Marine x2, Siege Tank  
  137  10:15  Marauder, Marine x2  
  137  10:18  Marine  
  137  10:20  Marine  
  110  10:28  Marine x2, Siege Tank  
  110  10:30  SCV  
  97  10:36  Marauder  
  97  10:39  Marine  
  83  10:46  SCV, Marine x2  
  83  10:47  Marine  
Show
View Real Time Build Order
Export as new Build Order

Rex Zerg - Winner!

Build Orders: Pool First 

Get SALT Encoding   

  12  0:00  Drone  
  13  0:12  Overlord  
  13  0:18  Drone  
  14  0:31  Drone x2  
  16  0:40  Spawning Pool  
  15  0:44  Drone  
  15  0:48  Drone  
  17  1:10  Hatchery  
  16  1:12  Drone  
  17  1:26  Extractor  
  17  1:27  Zergling x4  
  17  1:28  Zergling x2  
  19  1:34  Queen  
  21  1:42  Overlord  
  21  1:50  Drone  
  22  2:02  Drone  
  23  2:11  Queen, Drone  
  26  2:23  Queen  
  26  2:25  Drone x2  
  30  2:35  Drone  
  30  2:36  Drone  
  31  2:37  Metabolic Boost  
  31  2:43  Drone x2  
  32  2:45  Drone  
  32  2:52  Drone x2  
  32  2:54  Drone  
  35  3:04  Overlord  
  35  3:19  Hatchery  
  34  3:24  Drone x4  
  38  3:31  Zergling x8  
  38  3:33  Overlord  
  42  3:35  Drone  
  42  3:40  Drone  
  44  3:43  Roach Warren  
  44  3:45  Drone  
  44  3:53  Extractor  
  44  3:54  Drone x3  
  46  4:01  Drone x2  
  48  4:03  Spore Crawler  
  48  4:04  Overlord  
  47  4:11  Overlord  
  47  4:30  Roach  
  47  4:31  Roach x8  
  65  4:33  Overlord  
  65  4:37  Overlord  
  65  4:40  Overlord  
  65  4:46  Zergling x2  
  66  4:59  Zergling x10  
  71  5:02  Zergling x12  
  71  5:06  Ravager  
  71  5:07  Ravager  
  79  5:10  Zergling x2, Ravager  
  79  5:11  Zergling x4  
  81  5:18  Zergling x6  
  84  5:26  Overlord, Ravager  
  84  5:27  Zergling x2  
  86  5:35  Zergling x8  
  88  5:39  Zergling x2  
  88  5:40  Zergling x2  
  88  5:41  Zergling x2  
  88  5:42  Zergling x4  
  83  5:48  Zergling x8  
  82  5:51  Ravager  
  82  5:52  Drone  
  82  5:54  Drone  
  82  5:55  Drone  
  86  5:58  Drone  
  86  5:59  Drone x2  
  86  6:02  Drone  
  90  6:06  Drone  
  90  6:08  Drone  
  90  6:09  Ravager x2  
  94  6:12  Drone  
  94  6:15  Drone x2  
  97  6:18  Overlord x2  
  97  6:21  Overlord  
  97  6:25  Ravager  
  95  6:27  Drone x2  
  97  6:34  Overlord  
  97  6:41  Drone x8  
  97  6:46  Drone  
  97  6:47  Drone x3  
  106  6:52  Drone  
  107  6:58  Overlord  
  107  7:01  Lair, Drone  
  107  7:02  Drone x5  
  107  7:06  Drone x2  
  109  7:10  Drone  
  109  7:11  Drone  
  109  7:13  Evolution Chamber x2, Extractor  
  109  7:14  Extractor x2  
  106  7:18  Drone, Extractor  
  106  7:26  Roach x8  
  122  7:35  Queen  
  124  7:43  Spore Crawler, Roach  
  124  7:44  Roach x5  
  135  7:49  Drone x2  
  136  7:55  Roach  
  136  7:57  Zerg Missile Weapons Level 1  
  137  8:01  Zerg Ground Armor Level 1  
  137  8:02  Overlord x2  
  137  8:06  Overseer  
  137  8:10  Overlord  
  137  8:11  Overlord x3  
  137  8:12  Glial Reconstitution  
  137  8:18  Hatchery  
  136  8:22  Roach x3  
  136  8:26  Roach x2  
  146  8:34  Roach x4  
  154  8:35  Overlord  
  154  8:47  Overlord x2  
  154  8:49  Roach x7  
  154  8:54  Overlord  
  168  8:58  Ravager x2  
  167  9:05  Roach x4  
  175  9:13  Hatchery  
  175  9:16  Overlord x2  
  174  9:22  Roach x6  
  186  9:26  Overlord  
  186  9:29  Ravager x5  
  189  9:32  Ravager  
  189  9:33  Ravager  
  189  9:34  Zergling x10  
  196  9:40  Zergling x8  
  199  10:05  Overlord x2  
  187  10:17  Zergling x2, Roach x7  
  181  10:23  Roach  
  181  10:24  Roach x7  
  181  10:28  Roach x4  
  188  10:32  Roach x2  
  184  10:37  Roach x2  
  178  10:43  Roach x2  
  178  10:48  Ravager  
  174  10:58  Ravager  
  174  10:59  Ravager  
Tags
 
Add a new tag
Caveats
  • Supply blocks, unpowered buildings, or Contaminate may cause inaccurate times.
  • Supply counts are checked every 10 seconds.